 Dungeon Crawl Stone Soup version 0.31-a0-210-gccc998df9b (webtiles) character file.

Game seed: 3620821256741664533

1316 qw the Skirmisher (level 8, -4/49 HPs)
             Began as a Gargoyle Hexslinger on June 29, 2023.
             Slain by a two-headed ogre
             ... wielding a +0 giant club
              (10 damage)
             ... on level 7 of the Dungeon.
             The game lasted 00:02:03 (5415 turns).

qw the Skirmisher (Gargoyle Hexslinger)             Turns: 5415, Time: 00:02:04

Health: -4/49      AC: 12    Str: 13    XL:     8   Next: 59%
Magic:  9/9        EV: 17    Int: 13    God:
Gold:   316        SH:  0    Dex: 14    Spells: 8/9 levels left

rFire   . . .        Y - +0 shortbow
rCold   . . .        (shield currently unavailable)
rNeg    + + .        i - +0 leather armour
rPois   inf          a - +0 helmet
rElec   +            d - +0 cloak
rCorr   .            (no gloves)
SInv    .            e - +0 pair of boots
Will    .....        (no amulet)
Stlth   +            k - +5 ring of evasion
HPRegen 0.28/turn    l - ring of positive energy
MPRegen 0.11/turn

%: no passive effects
@: about to teleport
A: sickness immunity, AC +5, negative energy resistance 1, electricity
resistance, torment resistance 1, petrification resistance
a: no special abilities


You were on level 7 of the Dungeon.
You visited 2 branches of the dungeon, and saw 8 of its levels.

You collected 340 gold pieces.
You spent 24 gold pieces at shops.


Innate Abilities, Weirdness & Mutations

You are immune to sickness and miasma.
Your stone body is resilient. (AC +5)
You are immune to poison.
You resist negative energy. (rN+)
You are resistant to electric shocks. (rElec)
You are resistant to unholy torment.
You are immune to petrification.


   Skills:
 - Level 5.0 Fighting
 - Level 9.0 Ranged Weapons
 + Level 1.6 Armour
 - Level 2.0 Dodging
 - Level 1.0 Spellcasting
 - Level 2.6 Hexes


You had 8 spell levels left.
You knew the following spells:

 Your Spells              Type           Power      Damage    Failure   Level
a - Slow                  Hex            28%        N/A       12%         1

Your spell library contained the following spells:

 Spells                   Type           Power      Damage    Failure   Level
 Inner Flame              Hex/Fire       4%         N/A       52%         3
 Portal Projectile        Hex/Tloc       8%         N/A       52%         3
 Cause Fear               Hex            3%         N/A       75%         4

Inventory:

Hand Weapons
 Y - a +0 shortbow (weapon)
Armour
 a - a +0 helmet (worn)
 d - a +0 cloak (worn)
 e - a +0 pair of boots (worn)
 i - a +0 leather armour (worn)
 n - a +1 cloak
Jewellery
 k - a +5 ring of evasion (left hand)
 l - a ring of positive energy (right hand)
Scrolls
 b - a scroll of identify
 h - a scroll of teleportation
Potions
 c - 2 potions of haste
 f - a potion of mutation
 g - 2 potions of cancellation
 j - 2 potions of lignification {unknown}
 m - a potion of heal wounds {unknown}
 o - a potion of curing

Dungeon Overview and Level Annotations

Branches:
Dungeon (7/15)             Temple (1/1) D:6

Altars:
Ashenzari
Cheibriados
Dithmenos
Elyvilon
Gozag
Kikubaaqudgha
Makhleb
Nemelex Xobeh
Qazlal
Ru
Sif Muna
Trog
Uskayaw
Vehumet
Wu Jian
Xom
Yredelemnul
The Shining One

Shops:
D:1 [

Annotations:
D:3 1 runed translucent door, qw's ghost, amateur DEHu


Message History

A two-headed ogre comes into view.
It is wielding a +0 giant club and a +0 giant spiked club.
The two-headed ogre shouts in stereo!
You hear an angry hiss.
Enter note:
Enter note:
Enter note:
Enter note:
Enter note:
Enter note:
Enter note: You shoot an arrow.
The arrow hits the two-headed ogre but does no damage.
You shoot an arrow.
The arrow barely misses the two-headed ogre.
The two-headed ogre barely misses you.
The two-headed ogre completely misses you.
You shoot an arrow.
The arrow hits the two-headed ogre but does no damage.
The two-headed ogre hits you with a +0 giant club!
The two-headed ogre closely misses you.
You shoot an arrow.
The arrow barely misses the two-headed ogre.
You shoot an arrow. The arrow hits the two-headed ogre.
The two-headed ogre is lightly wounded.
The two-headed ogre hits you with a +0 giant club!
The two-headed ogre barely misses you.
You shoot an arrow. The arrow hits the two-headed ogre!
The two-headed ogre is moderately wounded.
The two-headed ogre hits you with a +0 giant club!!
The two-headed ogre barely misses you.
5413 ||| READING 2 scrolls of teleportation.
As you read the scroll of teleportation, it crumbles to dust.
You feel strangely unstable.
You shoot an arrow. The arrow hits the two-headed ogre!
The two-headed ogre is moderately wounded.
The two-headed ogre completely misses you.
The two-headed ogre hits you with a +0 giant spiked club!
You shoot an arrow.
The arrow barely misses the two-headed ogre.
The two-headed ogre hits you with a +0 giant club!
You die...

#.#...#.######...#######
#.....................).
#####...................
###.................
#.######...####### #.#
#...# ### #.# #...# #..
##.#.##.# #...# #..
......O@# ##...#####..
.############.......##..
#........##%##..
#.###.#.###.####
#.##..........##
#.##.....##.#.##
##.##..#.###.#.##
##...............#
#.........###...>.


You could see a two-headed ogre.

Vanquished Creatures
  An ice beast (D:6)
  A black bear (D:4)
  A centaur (D:5)
  A bullfrog (D:7)
  Blork the orc (D:4)
  2 scorpions
  4 wights (D:7)
  5 jellies
  2 hounds
  5 iguanas
  6 orc wizards (D:4)
  4 adders
  An ufetubus (D:5)
  2 worms
  3 dart slugs
  7 orcs
  2 bats
  10 endoplasms
  2 giant cockroaches
  4 goblins
  7 hobgoblins
  7 jackals (D:2)
  7 kobolds
  2 quokkas
  7 ball pythons
  2 frilled lizards
  4 rats
100 creatures vanquished.

Notes
Turn   | Place    | Note
-------+----------+-------------------------------------------
     0 | D:1      | qw the Gargoyle Hexslinger began the quest for the Orb.
     0 | D:1      | Reached XP level 1. HP: 12/12 MP: 2/2
     0 | D:1      | 0 ||| qw: Version: 0.3-a-24-g62f9e04
     0 | D:1      | 0 ||| qw: Game counter: 6711
     0 | D:1      | 0 ||| qw: Melee chars always use a shield: true
     0 | D:1      | 0 ||| qw: God list: Okawaru
     0 | D:1      | 0 ||| qw: Allow faded altars: false
     0 | D:1      | 0 ||| qw: Do Orc after clearing Dungeon:15 true
     0 | D:1      | 0 ||| qw: Do second Lair branch before Depths: true
     0 | D:1      | 0 ||| qw: Lair rune preference: random
     0 | D:1      | 0 ||| qw: Goals: Normal
     0 | D:1      | 0 ||| PLANNING D:1-11
    50 | D:1      | HP: 3/12 [ball python (1)]
   117 | D:1      | Reached XP level 2. HP: 16/16 MP: 3/3
   129 | D:1      | Reached skill level 3 in Ranged Weapons
   323 | D:1      | Found Duepn's Armour Shoppe.
   326 | D:1      | Reached XP level 3. HP: 21/21 MP: 4/4
   332 | D:1      | 332 ||| BUYING +0 leather armour (24 gold).
   332 | D:1      | Bought a +0 leather armour for 24 gold pieces
   332 | D:1      | 332 ||| SHOPLISTING +0 pair of gloves (54 gold, have 15).
   513 | D:1      | 513 ||| UPGRADING to +0 pair of boots.
   518 | D:1      | 518 ||| UPGRADING to +0 leather armour.
   528 | D:1      | 528 ||| DROPPING +0 robe.
   529 | D:1      | 529 ||| READING scroll labelled WARACUU REUDE.
   530 | D:1      | 530 ||| READING scroll labelled MONADE NERHOO.
   531 | D:1      | 531 ||| READING scroll labelled TALOZO BILAGE.
   532 | D:1      | 532 ||| DROPPING scroll of poison.
   806 | D:2      | Reached XP level 4. HP: 25/26 MP: 5/5
   944 | D:2      | Reached skill level 4 in Ranged Weapons
  1046 | D:2      | 1046 ||| UPGRADING to +0 helmet.
  1051 | D:2      | 1051 ||| READING scroll labelled EWOJEU GIWN.
  1052 | D:2      | 1052 ||| READING scroll labelled ARU AHAATY.
  1053 | D:2      | 1053 ||| DRINKING 2 smoky brown potions.
  1054 | D:2      | 1054 ||| READING 3 scrolls of identify.
  1054 | D:2      | 1054 ||| IDENTIFYING fuming clear potion
  1055 | D:2      | 1055 ||| READING 2 scrolls of identify.
  1055 | D:2      | 1055 ||| IDENTIFYING fizzy dark potion
  1397 | D:3      | Found a runed translucent door.
  1948 | D:3      | Noticed qw's ghost (amateur DEHu)
  2006 | D:3      | 2006 ||| READING 4 scrolls labelled HAWIAWKI MOEGH.
  2011 | D:3      | 2011 ||| READING scroll labelled DOGOUG TUM.
  2012 | D:3      | 2012 ||| READING scroll labelled VUYGRAM NAQAEH.
  2013 | D:3      | 2013 ||| READING scroll labelled GUHICU FUE.
  2083 | D:4      | Noticed Blork the orc
  2088 | D:4      | Killed Blork the orc
  2089 | D:4      | Reached skill level 5 in Ranged Weapons
  2089 | D:4      | Reached XP level 5. HP: 30/30 MP: 6/6
  2125 | D:4      | 2125 ||| FLEEEEING.
  2130 | D:4      | 2130 ||| FLEEEEING.
  2131 | D:4      | 2131 ||| STAIRDANCE
  2150 | D:3      | 2150 ||| UPGRADING to +5 ring of evasion.
  2199 | D:4      | Reached skill level 3 in Fighting
  2296 | D:4      | Reached skill level 1 in Armour
  2296 | D:4      | Reached XP level 6. HP: 37/37 MP: 7/7
  2341 | D:4      | Noticed a black bear
  2347 | D:4      | Killed a black bear
  2563 | D:4      | Reached skill level 6 in Ranged Weapons
  2669 | D:4      | Found a shimmering blue altar of Sif Muna.
  2672 | D:4      | 2672 ||| DRINKING 2 potions of curing.
  2672 | D:4      | 2672 ||| (to cure confusion)
  2677 | D:4      | Reached XP level 7. HP: 38/42 MP: 8/8
  2699 | D:4      | Found an ancient bone altar of Kikubaaqudgha.
  2700 | D:4      | 2700 ||| DRINKING potion of curing.
  2700 | D:4      | 2700 ||| (to cure confusion)
  2742 | D:4      | Found a radiant altar of Vehumet.
  2794 | D:4      | 2794 ||| UPGRADING to ring of positive energy.
  2795 | D:4      | 2795 ||| READING 2 scrolls of identify.
  2795 | D:4      | 2795 ||| IDENTIFYING smoky green potion
  2796 | D:4      | 2796 ||| DROPPING potion of attraction.
  2826 | D:5      | Entered Level 5 of the Dungeon
  3085 | D:5      | Reached skill level 7 in Ranged Weapons
  3101 | D:5      | Found a shadowy altar of Dithmenos.
  3317 | D:5      | 3317 ||| SWAPPING to +0 shortbow.
  3318 | D:5      | 3318 ||| DROPPING +2 sling of flaming.
  3379 | D:5      | 3379 ||| DROPPING +6 ring of intelligence.
  3380 | D:5      | 3380 ||| READING scroll labelled GAD ESOHAUP.
  3381 | D:5      | 3381 ||| READING 2 scrolls of identify.
  3381 | D:5      | 3381 ||| IDENTIFYING yellow potion
  3408 | D:6      | Found a stormy altar of Qazlal.
  3672 | D:6      | Reached XP level 8. HP: 48/48 MP: 9/9
  3882 | D:6      | Reached skill level 8 in Ranged Weapons
  4113 | D:6      | Found a staircase to the Ecumenical Temple.
  4114 | D:6      | 4114 ||| PLANNING TEMPLE
  4114 | D:6      | 4114 ||| DRINKING 2 viscous emerald potions.
  4218 | D:6      | 4218 ||| DROPPING potion of berserk rage.
  4226 | Temple   | Entered the Ecumenical Temple
  4434 | Temple   | 4434 ||| PLANNING D:1-11
  4629 | D:6      | 4629 ||| UPGRADING to +0 cloak.
  4727 | D:7      | HP: 12/48 [wight/+2 scimitar (5)]
  4728 | D:7      | 4728 ||| READING 3 scrolls of teleportation.
  5325 | D:7      | Reached skill level 9 in Ranged Weapons
  5406 | D:7      | Noticed a two-headed ogre
  5412 | D:7      | HP: 12/49 [two-headed ogre/+0 giant club (22)]
  5413 | D:7      | 5413 ||| READING 2 scrolls of teleportation.
  5415 | D:7      | Slain by a two-headed ogre

Levels and vault maps discovered:
D:1:      dpeg_arrival_rhombi, layout_rooms, serial_shops, shop
D:2:      layout_basic, grunt_ministairs_9
D:3:      layout_basic, ebering_ghost_reflecting_pool,
          nicolae_concentric_dashed_squares_wild,
          chequers_serial_rivers_small_3, kennysheep_potato
D:4:      layout_cave_pools, palyth_temple_overflow_mages, serial_glass,
          glass_columns_b, glass_columns_a, dk_noncrumbling_2,
          uniq_blork_the_orc
D:5:      layout_gridville, kennysheep_little_box
D:6:      nicolae_cairo_tiling, layout_cave_pods, overflow_temple_1_default,
          minmay_temple_entry_enclosed_plants, hangedman_decor_clover_reticule,
          chequers_serial_rivers_micro_b, minmay_misc_feat_rugged
D:7:      layout_loops_cross, nzn_hepliaklqana_mist_gate,
          minmay_hollow_rounded_squares
Temple:   nicolae_temple_figure_eight

Skill      XL: |  1  2  3  4  5  6  7  8 |
---------------+-------------------------+-----
Ranged Weapons | 3 5 6 7 9 |  9.0
Fighting       | 2 3 4 5 |  5.0
Armour         | 1 |  1.6
Dodging        | 2 |  2.0
Spellcasting   | |  1.0
Hexes          | |  2.6

Action                     |  1- 3 |  4- 6 |  7- 9 || total
---------------------------+-------+-------+-------++-------
   Fire: Sling             |   113 |   142 |    85 ||   340
         Shortbow          |       |       |   138 ||   138
    Use: Scroll            |     3 |     8 |     5 ||    16
         Potion            |       |     2 |     2 ||     4
 Armour: Robe              |     2 |       |       ||     2
         Leather armour    |    33 |    21 |    45 ||    99
  Dodge: Dodged            |    52 |    50 |    91 ||   193

Table legend:
 A = Non-vault XP
 B = Vault XP
 C = Vault XP percentage of total XP
 D = Non-vault monster count
 E = Vault monster count
 F = Vault count percentage of total count
                 A         B        C        D         E       F
            +---------+---------+-------+---------+---------+-------
      Total |    1672 |     208 |  11.1 |      93 |       7 |   7.0
            +---------+---------+-------+---------+---------+-------
        D:1 |      42 |       0 |   0.0 |      20 |       0 |   0.0
        D:2 |      52 |      16 |  23.5 |      22 |       2 |   8.3
        D:3 |      18 |       1 |   5.3 |       8 |       1 |  11.1
        D:4 |     375 |     191 |  33.7 |      16 |       4 |  20.0
        D:5 |     423 |       0 |   0.0 |      13 |       0 |   0.0
        D:6 |     223 |       0 |   0.0 |       6 |       0 |   0.0
        D:7 |     539 |       0 |   0.0 |       8 |       0 |   0.0
            +---------+---------+-------+---------+---------+-------
